 Dungeon Crawl Stone Soup version 0.23-a0-577-g2b1de94 (webtiles) character file.

201 Lanoc the Covered (level 6, -4/48 HPs)
             Began as a Formicid Wanderer on Dec 15, 2018.
             Slain by an orc
             ... wielding a +0 falchion
              (7 damage)
             ... on level 4 of the Dungeon.
             The game lasted 00:06:44 (2863 turns).

Lanoc the Covered (Formicid Wanderer)               Turns: 2863, Time: 00:06:45

Health: -4/48      AC:  3    Str: 17    XL:     6   Next: 7%
Magic:  6/6        EV: 11    Int: 12    God:
Gold:   195        SH:  0    Dex: 11    Spells: 5/5 levels left

rFire    . . .     SeeInvis +   r - +2 hand axe (flame)
rCold    . . .     Gourm    .   (no shield)
rNeg     . . .     Faith    .   e - +0 robe
rPois    .         Spirit   .   (helmet unavailable)
rElec    .         Reflect  .   k - +0 cloak
rCorr    .         Harm     .   (no gloves)
MR       .....                  (no boots)
Stlth    ++........             (no amulet)
HPRegen  0.16/turn              (no ring)
MPRegen  0.10/turn              (no ring)

@: no status effects
A: permanent stasis, dig shafts and tunnels, four strong arms, antennae 3
a: Dig, Shaft Self


You were on level 4 of the Dungeon.
You were not hungry.

You visited 1 branch of the dungeon, and saw 4 of its levels.

You collected 195 gold pieces.

Inventory:

Hand Weapons
 a - a +2 hand axe
 b - a +0 shortbow
 r - a +2 hand axe of flaming (weapon)
Missiles
 c - 35 arrows
 i - 142 stones (quivered)
 n - 19 sling bullets
Armour
 e - a +0 robe (worn)
 k - a +0 cloak (worn)
Scrolls
 j - a scroll of magic mapping
 l - a scroll of identify
 m - a scroll of amnesia {unknown}
 o - 2 scrolls of remove curse
 q - a scroll of blinking {unknown}
 s - a scroll of fear {unknown}
Potions
 d - a potion of curing
 h - a potion of resistance
Comestibles
 f - 5 rations
 g - 4 chunks of flesh


   Skills:
 + Level 3.7 Fighting
 + Level 3.3(3.4) Axes
   Level 1.0(2.3) Maces & Flails
 + Level 4.4 Armour
 + Level 3.5 Stealth
   Level 1.1 Evocations


You had 5 spell levels left.
You didn't know any spells.
Your spell library was empty.

Dungeon Overview and Level Annotations

Branches:
Dungeon (4/15)
 Temple: D:4-7

Altars:
Zin

Shops:
D:2 *

Annotations:
D:4 Robin


Innate Abilities, Weirdness & Mutations

You cannot be hasted, slowed, berserked, paralysed or teleported.
You can dig through walls and to a lower floor.
Your four strong arms can wield two-handed weapons with a shield.
You have a pair of large antennae on your head. (SInv)


Message History

* * * LOW HITPOINT WARNING * * *
You barely miss the orc.
The orc is moderately wounded.
The orc closely misses you.
You feel better. The orc barely misses you. x2
You hit the orc. You burn the orc.
You kill the orc!
You closely miss the orc. You hit the orc but do no damage.
The orc hits you with a +0 flail.
* * * LOW HITPOINT WARNING * * *
The orc completely misses you.
You closely miss the orc. You hit the orc but do no damage.
The orc hits you with a +0 flail.
* * * LOW HITPOINT WARNING * * *
The orc hits you with a +0 falchion.
* * * LOW HITPOINT WARNING * * *
You slash the orc! You burn the orc.
You kill the orc!
You hit the orc but do no damage. The orc hits you with a +0 falchion!
You die...

##..##..รท.#.## #.
####....##.#..## #.
#....##.##.#... #
.....##..#.##.#.# .#
###.............##.#
#.####...##......#
#...........#
#.##.)).....#
#.....@o....#
.%.########### .? ..
{


You could see an orc.

Vanquished Creatures
  A black bear (D:3)
  A hound (D:4)
  2 adders
  An ooze (D:2)
  A worm (D:2)
  A dart slug (D:1)
  2 leopard geckos
  5 orcs (D:4)
  A giant cockroach (D:1)
  15 goblins
  4 hobgoblins
  A ball python (D:3)
  6 bats
  3 frilled lizards
  3 kobolds
  8 rats
55 creatures vanquished.

Notes
Turn   | Place    | Note
-------+----------+-------------------------------------------
     0 | D:1      | Lanoc the Formicid Wanderer began the quest for the Orb.
     0 | D:1      | Lanoc set off with the following items: a +2 hand axe, a +0
                  | shortbow, 21 arrows, a potion of curing, a +0 robe, a
                  | ration
     0 | D:1      | Reached XP level 1. HP: 16/16 MP: 1/1
   165 | D:1      | Reached XP level 2. HP: 23/23 MP: 2/2
  1133 | D:2      | Reached XP level 3. HP: 28/28 MP: 3/3
  1171 | D:2      | Found a glowing silver altar of Zin.
  1172 | D:2      | Found Zin's Purification Station.
  2300 | D:3      | Reached XP level 4. HP: 6/34 MP: 4/4
  2379 | D:3      | Noticed a black bear
  2390 | D:3      | Killed a black bear
  2390 | D:3      | Reached skill level 4 in Armour
  2390 | D:3      | Reached XP level 5. HP: 4/41 MP: 5/5
  2617 | D:4      | Noticed Robin
  2838 | D:4      | Reached XP level 6. HP: 9/48 MP: 6/6
  2863 | D:4      | Slain by an orc

Vault maps used:
D:1:      scummos_arrival_forest, minmay_misc_feat_nine_boxes
D:2:      zin_purify
D:4:      uniq_robin

Skill      XL: |  1  2  3  4 |
---------------+-------------+-----
Stealth        | 2 3 |  3.5
Fighting       | 3 |  3.7
Axes           | 3 |  3.3
Armour         | 4 |  4.4
Maces & Flails | |  1.0
Evocations     | |  1.1

Action                   |  1- 3 |  4- 6 || total
-------------------------+-------+-------++-------
Melee: Hand axe          |    82 |    44 ||   126
  Use: Potion            |       |     5 ||     5
       Scroll            |       |     3 ||     3
 Stab: Sleeping          |     3 |       ||     3
  Eat: Chunk             |     3 |     3 ||     6
Armor: Robe              |    18 |    12 ||    30
Dodge: Dodged            |    45 |    42 ||    87

Table legend:
 A = Non-vault XP
 B = Vault XP
 C = Vault XP percentage of total XP
 D = Non-vault monster count
 E = Vault monster count
 F = Vault count percentage of total count
                 A         B        C        D         E       F
            +---------+---------+-------+---------+---------+-------
      Total |     268 |      20 |   6.9 |      44 |      11 |  20.0
            +---------+---------+-------+---------+---------+-------
        D:1 |      26 |       0 |   0.0 |      15 |       0 |   0.0
        D:2 |      26 |       0 |   0.0 |      12 |       0 |   0.0
        D:3 |     149 |       0 |   0.0 |      10 |       0 |   0.0
        D:4 |      67 |      20 |  23.0 |       7 |      11 |  61.1
            +---------+---------+-------+---------+---------+-------
